 Dungeon Crawl Stone Soup version 0.30-a0-311-gf115ab0292 (webtiles) character file.

Game seed: 14817236712361418971

8279 Lambsauce the Severer (level 11, -4/95 HPs)
             Began as a Minotaur Fighter on Oct 24, 2022.
             Slain by an orc knight
             ... wielding a +0 dire flail
              (16 damage)
             ... on level 1 of the Orcish Mines on Oct 25, 2022.
             The game lasted 00:30:44 (10386 turns).

Lambsauce the Severer (Minotaur Fighter)           Turns: 10386, Time: 00:30:44

Health: -4/95      AC: 16    Str: 25    XL:     11   Next: 7%
Magic:  10/10      EV: 11    Int:  5    God:
Gold:   889        SH:  0    Dex: 10    Spells: 10/10 levels left

rFire   + + .      SeeInvis .    g - +2 executioner's axe (vorpal)
rCold   . . .      Faith    .    (shield currently unavailable)
rNeg    . . .      Spirit   .    k - +4 scale mail "Weofre" {rPois rF+}
rPois   +          Reflect  .    (helmet restricted)
rElec   .          Harm     .    (no cloak)
rCorr   .          Rampage  .    h - +2 pair of gloves {hurl}
Will    .....                    (no boots)
Stlth   ..........               (no amulet)
HPRegen 0.35/turn                q - ring of protection from fire
MPRegen 0.12/turn                (no ring)

@: no status effects
A: horns 2, retaliatory headbutt
a: no special abilities


You were on level 1 of the Orcish Mines.
You visited 2 branches of the dungeon, and saw 11 of its levels.

You collected 889 gold pieces.

Inventory:

Hand Weapons
 a - a +1 war axe of freezing
 g - a +2 vorpal executioner's axe (weapon)
 u - a +5 flail of freezing
Missiles
 n - 28 poisoned darts (quivered)
 p - 16 boomerangs of dispersal
 y - 8 atropa-tipped darts
 E - a throwing net
Armour
 b - a +0 scale mail
 c - a +0 buckler
 h - a +2 pair of gloves of hurling (worn)
 k - the +4 scale mail "Weofre" (worn) {rPois rF+}
   (You acquired it on level 2 of the Dungeon)

   rF:        It protects you from fire.
   rPois:     It protects you from poison.
 A - a +2 robe of willpower
Jewellery
 q - a ring of protection from fire (left hand)
Wands
 v - a wand of flame (38)
 D - a wand of digging (5)
 G - a wand of polymorph (10)
Scrolls
 e - a scroll of amnesia
 r - 2 scrolls of noise
 s - a scroll of poison
 H - a scroll of vulnerability
Potions
 f - 2 potions of haste
 i - 2 potions of degeneration
 j - 2 potions of lignification
 m - 3 potions of curing
 o - 2 potions of brilliance
 t - a potion of mutation {unknown}
 w - 2 potions of berserk rage
 x - 2 potions of attraction
 C - 2 potions of magic


   Skills:
 + Level 8.5 Fighting
 + Level 15.5 Axes
 + Level 0.7 Throwing
 + Level 9.6 Armour
 + Level 4.0 Dodging
 + Level 1.7 Stealth
 + Level 4.6 Shields
 + Level 1.0 Evocations


You had 10 spell levels left.
You didn't know any spells.
Your spell library contained the following spells:

 Spells                   Type           Power      Damage    Failure   Level
 Kindle Blastsparks       Fire/Tloc/Air  0%         2d10      97%         3
 Fulminant Prism          Conj/Hex       0%         3d6       100%        4
 Iskenderun's Mystic Bla  Conj/Tloc      0%         2d3       100%        4
 Lee's Rapid Deconstruct  Erth           0%         3d4*      100%        5


Dungeon Overview and Level Annotations

Branches:
Dungeon (9/15)             Temple (0/1) D:7            Lair (0/5) D:8
    Orc (2/2) D:9             Elf (0/3) Orc:2

Altars:
Cheibriados
Dithmenos
Gozag
Kikubaaqudgha
Makhleb
Okawaru
Qazlal
Ru
Trog
Vehumet
Wu Jian
Xom
The Shining One

Shops:
D:3 *=(


Innate Abilities, Weirdness & Mutations

You have a pair of horns on your head.
You reflexively headbutt those who attack you in melee.


Message History

You climb upwards.
Welcome back to the Dungeon!
There is a staircase to the Orcish Mines here.
You barely miss the orc warrior. You headbutt the orc warrior.
The orc warrior is lightly wounded.
The orc warrior hits you but does no damage.
You slice the orc warrior!!
You kill the orc warrior!
No target in view!
You climb downwards.
Welcome back to the Orcish Mines!
The orc knight hits you with a +0 dire flail.
There is a staircase back to the Dungeon, spattered with blood here.
You completely miss the orc knight. Your headbutt misses the orc knight.
The orc knight hits you with a +0 dire flail! x2
You barely miss the orc knight.
You headbutt the orc knight, but do no damage.
The orc knight hits you with a +0 dire flail!!
You feel better.
The orc knight hits you with a +0 dire flail!
You hit the orc knight.
The orc knight is lightly wounded.
The orc knight hits you with a +0 dire flail!
You closely miss the orc knight.
The orc knight is lightly wounded.
The orc knight hits you with a +0 dire flail!
* * * LOW HITPOINT WARNING * * *
You slice the orc knight!! Your headbutt misses the orc knight.
The orc knight is moderately wounded.
The orc knight closely misses you.
You closely miss the orc knight.
The orc knight is moderately wounded.
The orc knight hits you with a +0 dire flail!
* * * LOW HITPOINT WARNING * * *
You hit the orc knight. Your headbutt misses the orc knight.
The orc knight is heavily wounded.
The orc knight hits you with a +0 dire flail.
* * * LOW HITPOINT WARNING * * *
You barely miss the orc knight. You headbutt the orc knight!
The orc knight is severely wounded.
The orc knight hits you with a +0 dire flail!
You die...

#....#........#..####
##...............#
#..............##
##..........#.##
#........#.#.##
##.....o###...#
##........#...##
#...#.....#..##
##.......#.@o#
##..........##
#......#...##
#...........#
#...........##
#............#
#......>.....#
##..........##
##........##


You could see an orc knight.

Vanquished Creatures
  Erica (D:8)
  A harpy (D:8)
  An ugly thing (D:8)
  A troll (D:9)
  A slime creature (D:8)
  A polar bear (shapeshifter) (D:8)
  Sigmund (D:5)
  A wyvern (D:9)
  Eustachio (D:4)
  A vampire mosquito (D:8)
  4 steam dragons
  2 wargs
  13 orc warriors
  2 sky beasts (D:6)
  2 ice beasts (D:8)
  2 ogres
  A centaur (D:5)
  Blork the orc (D:4)
  3 phantoms
  5 kobold brigands
  A gnoll sergeant (D:9)
  A bullfrog (D:6)
  2 necrophages (D:6)
  9 wights
  A killer bee (D:9)
  4 howler monkeys (D:9)
  13 orc priests
  Crazy Yiuf (D:7)
  3 hounds (D:5)
  2 jellies
  A gnoll bouda (D:7)
  Ijyb (D:5)
  5 iguanas
  14 orc wizards
  21 gnolls
  5 adders
  2 shadow imps
  A white imp (D:3)
  3 ufetubi
  4 dart slugs
  43 orcs
  14 bats
  8 endoplasms
  6 giant cockroaches
  7 goblins
  5 hobgoblins
  4 jackals (D:4)
  A quokka (D:3)
  4 ball pythons
  25 kobolds
  4 rats
260 creatures vanquished.

Vanquished Creatures (collateral kills)
  A wight (D:6)
1 creature vanquished.

Vanquished Creatures (others)
  2 plants (D:8)
2 creatures vanquished.

Grand Total: 263 creatures vanquished

Notes
Turn   | Place    | Note
-------+----------+-------------------------------------------
     0 | D:1      | Lambsauce the Minotaur Fighter began the quest for the Orb.
     0 | D:1      | Reached XP level 1. HP: 19/19 MP: 0/0
    91 | D:1      | Identified a scroll of acquirement
   554 | D:1      | Reached XP level 2. HP: 23/27 MP: 1/1
  1008 | D:2      | Reached XP level 3. HP: 33/33 MP: 2/2
  1011 | D:2      | Reached skill level 3 in Axes
  1013 | D:2      | Acquired the +4 scale mail "Weofre" {rPois rF+}
  1754 | D:3      | Found Foithafu's Assorted Antiques.
  1767 | D:3      | Reached XP level 4. HP: 36/40 MP: 3/3
  1883 | D:3      | Reached skill level 4 in Axes
  1892 | D:3      | Reached XP level 5. HP: 31/47 MP: 4/4
  1958 | D:3      | Found Unofoxud's Jewellery Shoppe.
  1971 | D:3      | Found a glowing golden altar of the Shining One.
  2313 | D:3      | Found Gekoddem's Antique Weapon Emporium.
  2495 | D:3      | Acquired a +2 vorpal executioner's axe
  2589 | D:4      | Found a radiant altar of Vehumet.
  2636 | D:4      | Noticed Eustachio
  2650 | D:4      | Killed Eustachio
  2651 | D:4      | Reached skill level 5 in Axes
  2651 | D:4      | Reached skill level 1 in Dodging
  2651 | D:4      | Reached skill level 1 in Stealth
  2651 | D:4      | Reached XP level 6. HP: 50/53 MP: 5/5
  2683 | D:4      | Noticed Blork the orc
  2687 | D:4      | Killed Blork the orc
  2688 | D:4      | Reached skill level 5 in Armour
  2956 | D:4      | Reached skill level 6 in Axes
  3027 | D:4      | Found a sacrificial altar of Ru.
  3027 | D:4      | Found a stormy altar of Qazlal.
  3197 | D:5      | Entered Level 5 of the Dungeon
  3208 | D:4      | Reached XP level 7. HP: 13/58 MP: 6/6
  3216 | D:4      | Reached skill level 7 in Axes
  3512 | D:5      | Found an opulent altar of Gozag.
  3542 | D:5      | Noticed Sigmund
  3556 | D:5      | Killed Sigmund
  3557 | D:5      | Reached skill level 5 in Fighting
  3557 | D:5      | Reached skill level 8 in Axes
  3775 | D:5      | Found an iron altar of Okawaru.
  3837 | D:5      | Reached XP level 8. HP: 56/68 MP: 7/7
  4004 | D:5      | Reached skill level 9 in Axes
  4020 | D:5      | Noticed Ijyb
  4050 | D:5      | Killed Ijyb
  4064 | D:5      | Found an ornate altar of the Wu Jian Council.
  4666 | D:6      | Reached skill level 10 in Axes
  4916 | D:6      | HP: 3/68 [wight/+2 dire flail (10)]
  5114 | D:6      | Found a snail-covered altar of Cheibriados.
  5130 | D:6      | Reached XP level 9. HP: 72/75 MP: 8/8
  5233 | D:6      | Reached skill level 11 in Axes
  5394 | D:6      | Upgraded the game from 0.30-a0-310-g7d6cbdfea6 to
                  | 0.30-a0-311-gf115ab0292
  5672 | D:6      | Found a burning altar of Makhleb.
  5672 | D:6      | Noticed an Executioner
  5675 | D:6      | Noticed a smoke demon
  5884 | D:7      | Found a flagged portal.
  6004 | D:7      | Reached skill level 12 in Axes
  6337 | D:7      | Found a runed translucent door.
  6338 | D:7      | Noticed Crazy Yiuf
  6586 | D:7      | Reached skill level 13 in Axes
  6594 | D:7      | Found a staircase to the Ecumenical Temple.
  6785 | D:7      | Killed Crazy Yiuf
  6908 | D:8      | Found a bloodstained altar of Trog.
  6971 | D:8      | Found a shadowy altar of Dithmenos.
  7043 | D:8      | Found an ancient bone altar of Kikubaaqudgha.
  7204 | D:8      | Found a staircase to the Lair.
  7205 | D:8      | Noticed a komodo dragon
  7213 | D:8      | a komodo dragon changed into a harpy
  7213 | D:8      | Noticed a harpy
  7229 | D:8      | Killed a harpy
  7230 | D:8      | Reached XP level 10. HP: 63/86 MP: 9/9
  7522 | D:8      | Noticed a red ugly thing
  7533 | D:8      | Killed a red ugly thing
  7534 | D:8      | Reached skill level 14 in Axes
  7916 | D:8      | Noticed Erica
  7923 | D:8      | Killed Erica
  8174 | D:9      | Found a staircase to the Orcish Mines.
  8217 | D:9      | HP: 3/88 [troll (8)]
  8406 | D:9      | Reached skill level 15 in Axes
  8410 | D:9      | Reached skill level 1 in Evocations
  9096 | D:9      | Found a shimmering altar of Xom.
  9096 | D:9      | Found a shimmering altar of Xom.
  9096 | D:9      | Found a shimmering altar of Xom.
  9096 | D:9      | Found a shimmering altar of Xom.
  9096 | D:9      | Found a shimmering altar of Xom.
  9096 | D:9      | Found a shimmering altar of Xom.
  9096 | D:9      | Found a shimmering altar of Xom.
  9096 | D:9      | Found a shimmering altar of Xom.
  9096 | D:9      | Found a shimmering altar of Xom.
  9216 | Orc:1    | Entered Level 1 of the Orcish Mines
  9378 | Orc:2    | Entered Level 2 of the Orcish Mines
  9378 | Orc:2    | Noticed an orc knight
  9483 | Orc:2    | Reached XP level 11. HP: 85/95 MP: 10/10
  9601 | Orc:2    | Found a staircase to the Elven Halls.
  9632 | Orc:2    | Noticed an orc knight
  9633 | Orc:2    | Noticed an orc warlord
 10386 | Orc:1    | Slain by an orc knight

Illustrated notes

Levels and vault maps discovered:
D:1:      ncdulo_halloftheorcs, layout_basic, dreamdust_princess_bridge,
          nicolae_hexahallways, st_stairs_8, minivault_25,
          hangedman_decor_clover_reticule
D:2:      layout_basic, minmay_quantized
D:3:      minmay_skewed_foursquare, layout_basic, lemuel_crystal_altar,
          serial_shops, shop, nicolae_shop_hallway_plus, shop
D:4:      layout_basic, nicolae_vehumet_altar_sigil,
          nicolae_overflow_two_pavilions, hangedman_abyss_or_decor_lesser_grid,
          uniq_eustachio, uniq_blork_the_orc
D:5:      layout_loops_corners, amcnicky_altar_gilded,
          nicolae_overflow_hidden_temple, nicolae_gozag_seed_capital,
          uniq_sigmund, uniq_ijyb
D:6:      layout_basic, makhleb_altar_promises_db,
          mainiacjoe_overflow_cross_hatched, minmay_unpleasant_kobolds
D:7:      layout_basic, temple_hall, enter_bailey_6, uniq_crazy_yiuf_cottage
D:8:      layout_loops_corners, mainiacjoe_overflow_surrounded_room,
          nicolae_dithmenos_the_darkroom, overflow_temple_1_default,
          david_lair_shrubbed, serial_aquarium, aquarium_bridge_island_small
          [aquarium_subvault_small_open, aquarium_subvault_window,
          aquarium_subvault_balcony, aquarium_subvault_window,
          aquarium_subvault_bridge], aquarium_window_fake, aquarium_window_fake,
          aquarium_window_fake, aquarium_window_double, aquarium_view_2c,
          kb_rosetta, uniq_erica
D:9:      layout_roguey, xom_shifter_show, david_orc_3,
          dreamdust_princess_corridor, minmay_fractal_squares_5
Orc:1:    cheibrodos_orc_arena, layout_caves, uniq_jorgrun, uniq_snorg
Orc:2:    grunt_orc_cross, layout_caves, mines4_lemuel, uniq_saint_roka

Skill      XL: |  1  2  3  4  5  6  7  8  9 10 11 |
---------------+----------------------------------+-----
Armour         | 4 5 6 7 8 9 |  9.6
Axes           | 3 4 5 6 8 10 13 15 | 15.5
Fighting       | 4 5 6 7 8 |  8.5
Shields        | 4 |  4.6
Dodging        | 1 2 3 4 |  4.0
Stealth        | 1 |  1.7
Evocations     | 1 |  1.0
Throwing       | |  0.7

Action                   |  1- 3 |  4- 6 |  7- 9 | 10-12 || total
-------------------------+-------+-------+-------+-------++-------
Melee: War axe           |    59 |    51 |       |       ||   110
       Headbutt          |     5 |    12 |    29 |    19 ||    65
       Executioner's axe |       |    38 |   237 |   142 ||   417
Throw: Dart              |       |     3 |       |       ||     3
Evoke: Wand              |       |       |     2 |     4 ||     6
  Use: Scroll            |     8 |     7 |     9 |     5 ||    29
       Potion            |       |     1 |     7 |    11 ||    19
Armor: Scale mail        |    49 |    47 |   163 |    98 ||   357
Dodge: Dodged            |    38 |    50 |   152 |    95 ||   335
Block: Buckler           |    16 |    17 |       |       ||    33

Table legend: (Time is in decaauts)
 A = Elapsed time spent in this place.
 B = Non-inter-level travel time spent in this place.
 C = Inter-level travel time spent in this place.
 D = Time resting spent in this place.
 E = Time spent auto-exploring this place.
 F = Levels seen in this place.
 G = Mean time per level.
                   A        B        C        D        E       F      G
               +--------+--------+--------+--------+--------+-----+--------+
         Total |  10534 |  10020 |    514 |   1316 |   7082 |  11 |  957.6 |
       Dungeon |   9734 |   9266 |    468 |   1012 |   6786 |   9 | 1081.6 |
  Orcish Mines |    799 |    753 |     46 |    303 |    296 |   2 |  399.5 |
               +--------+--------+--------+--------+--------+-----+--------+

Top non-repeatable levels by time:
     D:8: 1483 daAuts
     D:6: 1316 daAuts
     D:9: 1287 daAuts
     D:5: 1281 daAuts
     D:1: 1018 daAuts
     D:7: 963 daAuts
     D:4: 842 daAuts
     D:3: 786 daAuts
     D:2: 756 daAuts
   Orc:1: 530 daAuts
   Orc:2: 269 daAuts
